 Dungeon Crawl Stone Soup version 0.28-b1-25-g9875b3f (webtiles) character file.

Game seed: 14246659618249336658

328 Host24 the Bolt Thrower (level 6, -2/36 (38) HPs)
             Began as a Kobold Hunter on Jan 31, 2022.
             Succumbed to a scorpion's poison
             ... on level 6 of the Dungeon.
             The game lasted 00:05:53 (3841 turns).

Host24 the Bolt Thrower (Kobold Hunter)             Turns: 3841, Time: 00:05:54

HP:   -2/36 (38)    AC:  3    Str: 10 (12) XL:     6   Next: 80%
MP:   6/6           EV: 15    Int: 11 (12) God:
Gold: 76            SH:  5    Dex: 13 (15) Spells: 5/5 levels left

rFire   . . .      SeeInvis .   a - +1 hand crossbow
rCold   . . .      Faith    .   h - +1 buckler
rNeg    . . .      Spirit   .   c - +0 leather armour
rPois   .          Reflect  .   (no helmet)
rElec   .          Harm     .   (no cloak)
rCorr   .          Rampage  .   (no gloves)
Will    .....                   (no boots)
Stlth   ++........              (no amulet)
HPRegen 0.12/turn               (no ring)
MPRegen 0.10/turn               (no ring)

@: lethally poisoned (-2 -> -13), drained
A: small, no large weapons, nightstalker 3
a: no special abilities


You were on level 6 of the Dungeon.
You visited 1 branch of the dungeon, and saw 4 of its levels.

You collected 76 gold pieces.

Inventory:

Hand Weapons
 a - a +1 hand crossbow (weapon)
 j - a +5 hand axe
 p - a +0 hunting sling
Missiles
 d - 10 bolts (quivered ammo)
 f - 60 stones
 k - 3 boomerangs
 l - 38 arrows
Armour
 c - a +0 leather armour (worn)
 h - a +1 buckler (worn)
Scrolls
 e - 3 scrolls of enchant armour
 g - a scroll of teleportation


   Skills:
 - Level 4.0 Fighting
 + Level 6.1 Crossbows
 - Level 6.0 Dodging
 - Level 1.3 Stealth


You had 5 spell levels left.
You didn't know any spells.
Your spell library contained the following spells:

 Spells                   Type           Power      Damage    Failure   Level
 Freeze                   Ice            0%         1d3       58%         1
 Frozen Ramparts          Ice            0%         1d2       92%         3
 Hailstorm                Conj/Ice       0%         3d3       100%        4


Dungeon Overview and Level Annotations

Branches:
Dungeon (3/15)

Altars:
The Shining One

Shops:
D:2 !

Annotations:
D:3 Grinder, Sigmund


Innate Abilities, Weirdness & Mutations

You are small and have problems with some larger weapons.
You are completely attuned to the shadows.


Message History

Aim: a scorpion (moderately wounded, 68% to hit)
You shoot a bolt.
The bolt hits the scorpion but does no damage.
The scorpion is moderately wounded.
You feel very sick. The scorpion barely misses you.
You block the scorpion's attack.
Fire: 14 bolts
Press: ? - help, Q - select action, (/) - cycle Shift-Dir - straight line, f/p - scorpion
Aim: a scorpion (moderately wounded, 68% to hit)
You shoot a bolt. The bolt barely misses the scorpion.
You feel sick. You block the scorpion's attack.
Unknown command.
Fire: 13 bolts
Press: ? - help, Q - select action, (/) - cycle Shift-Dir - straight line, f/p - scorpion
Aim: a scorpion (moderately wounded, 68% to hit)
You shoot a bolt. The bolt closely misses the scorpion.
You feel sick. The scorpion stings you! The scorpion stings you.
* * * LOW HITPOINT WARNING * * *
You are lethally poisoned!
The scorpion poisons you!
Fire: 12 bolts
Press: ? - help, Q - select action, (/) - cycle Shift-Dir - straight line, f/p - scorpion
Aim: a scorpion (moderately wounded, 68% to hit)
You shoot a bolt. The bolt hits the scorpion!
The scorpion is severely wounded.
* * * LOW HITPOINT WARNING * * *
You feel very sick. You block the scorpion's attack.
The scorpion barely misses you.
Fire: 11 bolts
Press: ? - help, Q - select action, (/) - cycle Shift-Dir - straight line, f/p - scorpion
Aim: a scorpion (severely wounded, 68% to hit)
You shoot a bolt. The bolt hits the scorpion.
The scorpion is severely wounded.
* * * LOW HITPOINT WARNING * * *
You feel very sick.
The scorpion stings you but does no damage.
It was a potion of degeneration.
There was something very wrong with that liquid.
You feel weakened.
You feel dopey.
You feel clumsy.
You die...

#)######.###....#######J....
#.### #.# #....# ......
#.รท.# ### #...## ##..##.
##### #...# #... #...# #...#
#...# #...## #@..#. #s..##
#...# #.(.# #(.(#


You could see a scorpion.

Vanquished Creatures
  A necrophage (D:6)
  3 wights (D:6)
  A jelly (D:6)
  Natasha (D:3)
  2 adders
  An ufetubus (D:6)
  A worm (D:2)
  2 dart slugs
  4 ball pythons
  6 endoplasms
  A giant cockroach (D:1)
  4 hobgoblins
  4 kobolds
  3 quokkas
  2 bats
  3 frilled lizards
  A goblin (D:3)
  A rat (D:1)
41 creatures vanquished.

Notes
Turn   | Place    | Note
-------+----------+-------------------------------------------
     0 | D:1      | Host24 the Kobold Hunter began the quest for the Orb.
     0 | D:1      | Reached XP level 1. HP: 12/12 MP: 1/1
    59 | D:1      | Reached skill level 5 in Crossbows
   242 | D:1      | Reached XP level 2. HP: 18/18 MP: 2/2
   861 | D:2      | Found Himat's Distillery.
  1359 | D:2      | Reached XP level 3. HP: 13/23 MP: 3/3
  1842 | D:2      | Found a faded altar of an unknown god.
  2640 | D:3      | Noticed Sigmund
  2817 | D:3      | Noticed Grinder
  3060 | D:3      | Reached XP level 4. HP: 29/29 MP: 4/4
  3068 | D:3      | Noticed Natasha
  3151 | D:3      | Killed Natasha
  3182 | D:3      | You fall into a shaft and drop 3 floors!
  3182 | D:6      | Noticed a necrophage
  3222 | D:6      | Killed a necrophage
  3223 | D:6      | Reached skill level 5 in Dodging
  3223 | D:6      | Reached XP level 5. HP: 33/33 MP: 5/5
  3360 | D:6      | Found a glowing golden altar of the Shining One.
  3390 | D:6      | Reached XP level 6. HP: 24/38 MP: 6/6
  3840 | D:6      | HP: 1/36 [poisoned by a scorpion]
  3841 | D:6      | Succumbed to a scorpion's poison

Illustrated notes

Levels and vault maps discovered:
D:1:      roderic_octagonal_star, layout_rooms
D:2:      layout_loops_corners, serial_shops, nicolae_shop_crystal,
          shapermc_ecumenical_altar_hornbeckon, roderic_lattice_a,
          feat_on_display
D:3:      layout_basic, dancing_weapons_uskayaw, uniq_natasha, uniq_grinder,
          uniq_sigmund
D:6:      layout_basic, mainiacjoe_overflow_boulevard, serial_co_window_serial,
          co_window_paths_a, co_window_of_opportunity_a, co_window_paths_b,
          co_window_corner_a, co_window_paths_b, co_window_broadway_c,
          co_window_cross_2, co_window_of_opportunity_c, co_window_broadway_a,
          co_window_broadway_b, co_window_sun, co_window_4corner_a,
          glass_columns_a, glass_columns_c

Skill      XL: |  1  2  3  4  5  6 |
---------------+-------------------+-----
Crossbows      | 5 6 |  6.1
Fighting       | 3 4 |  4.0
Dodging        | 5 6 |  6.0
Stealth        | |  1.3

Action                   |  1- 3 |  4- 6 || total
-------------------------+-------+-------++-------
Melee: Short sword       |   124 |    10 ||   134
       Punch             |     2 |       ||     2
 Fire: Hand crossbow     |    11 |    51 ||    62
  Use: Potion            |       |     5 ||     5
       Scroll            |       |     3 ||     3
 Stab: Sleeping          |     9 |       ||     9
Armor: Leather armour    |    27 |     7 ||    34
       Skin              |       |    16 ||    16
Dodge: Dodged            |    72 |    37 ||   109
Block: Buckler           |    15 |    13 ||    28
